 Dungeon Crawl Stone Soup version 0.30-a0-629-gd54f4be4f7 (webtiles) character file.

Game seed: 1023237174730202308

5882 Chaicat the Fighter (level 10, -1/93 HPs)
             Began as a Minotaur Fighter on Jan 11, 2023.
             Was a Believer of the Shining One.
             Slain by a two-headed ogre
             ... wielding a +0 giant club
              (22 damage)
             ... on level 9 of the Dungeon on Jan 12, 2023.
             The game lasted 00:17:49 (8473 turns).

Chaicat the Fighter (Minotaur Fighter)              Turns: 8473, Time: 00:17:49

Health: -1/93      AC: 11    Str: 23    XL:     10   Next: 52%
Magic:  10/12      EV: 10    Int:  5    God:    the Shining One [**....]
Gold:   333        SH: 14    Dex: 12    Spells: 9/9 levels left

rFire   + . .      SeeInvis .    x - +2 broad axe (flame)
rCold   . . .      Faith    .    c - +1 buckler
rNeg    + . .      Spirit   .    u - +4 ring mail of Loss {Rampage +Inv rF+}
rPois   .          Reflect  .    (helmet restricted)
rElec   .          Harm     .    (no cloak)
rCorr   .          Rampage  +    (no gloves)
Will    +....                    (no boots)
Stlth   +                        (no amulet)
HPRegen 0.35/turn                j - ring of willpower
MPRegen 0.13/turn                (no ring)

@: mighty, divinely shielded, glowing
A: horns 2, retaliatory headbutt
a: Renounce Religion, Evoke Invisibility, Divine Shield


You were on level 9 of the Dungeon.
You worshipped the Shining One.
The Shining One was pleased with you.
You visited 2 branches of the dungeon, and saw 10 of its levels.

You collected 513 gold pieces.
You spent 180 gold pieces at shops.

Inventory:

Hand Weapons
 a - a +1 war axe of venom
 x - a +2 broad axe of flaming (weapon)
Armour
 c - a +1 buckler (worn)
 k - a +2 chain mail of cold resistance
 u - the +4 ring mail of Loss (worn) {Rampage +Inv rF+}
   (You found it on level 6 of the Dungeon)

   rF:        It protects you from fire.
   +Inv:      It lets you turn invisible.
   Rampage:   It bestows one free step when moving towards enemies.
Jewellery
 j - a ring of willpower (left hand)
 A - a ring of flight
Wands
 p - a wand of roots (7)
 r - a wand of digging (6)
 t - a wand of charming (15)
 v - a wand of quicksilver (7)
Scrolls
 d - 5 scrolls of teleportation
 f - 3 scrolls of enchant armour
 n - 4 scrolls of identify
 s - a scroll of fear
 w - a scroll of amnesia
 y - a scroll of brand weapon
Potions
 b - 4 potions of haste
 e - 3 potions of curing
 g - 2 potions of cancellation
 h - 2 potions of flight
 i - a potion of berserk rage
 l - a potion of brilliance
 m - a potion of might
 o - 2 potions of lignification
 q - a potion of attraction
 z - 2 potions of invisibility {unknown}
Miscellaneous
 B - a piece from Xom's chessboard (15/15)


   Skills:
 * Level 10.3 Fighting
 * Level 9.8 Axes
 * Level 10.2 Armour
 - Level 6.8 Shields
 + Level 4.2 Invocations
 + Level 3.7 Evocations


You had 9 spell levels left.
You didn't know any spells.
Your spell library contained the following spells:

 Spells                   Type           Power      Damage    Failure   Level
 Apportation              Tloc           0%         N/A       69%         1
 Necrotise                Necr           0%         1d4       69%         1
 Summon Small Mammal      Summ           0%         N/A       69%         1
 Frozen Ramparts          Ice            0%         1d1       96%         3
 Gell's Gravitas          Tloc           0%         N/A       96%         3
 Ignite Poison            Fire/Tmut/Pois 0%         N/A       96%         3
 Kindle Blastsparks       Fire/Tloc/Air  0%         2d10      96%         3
 Ozocubu's Armour         Ice            0%         N/A       96%         3
 Portal Projectile        Hex/Tloc       0%         N/A       96%         3
 Teleport Other           Tloc           0%         N/A       96%         3
 Tukima's Dance           Hex            0%         N/A       96%         3
 Vhi's Electric Charge    Tloc/Air       0%         N/A       96%         3
 Ice Form                 Ice/Tmut       0%         N/A       100%        4
 Leda's Liquefaction      Hex/Erth       0%         N/A       100%        4
 Petrify                  Tmut/Erth      0%         N/A       100%        4
 Summon Ice Beast         Ice/Summ       0%         N/A       100%        4
 Arcjolt                  Conj/Air       0%         1d10      100%        5
 Blade Hands              Tmut           0%         N/A       100%        5
 Freezing Cloud           Conj/Ice/Air   0%         6-21      100%        5
 Metabolic Englaciation   Hex/Ice        0%         N/A       100%        5
 Dispersal                Tloc           0%         N/A       100%        6
 Simulacrum               Ice/Necr       0%         N/A       100%        6
 Maxwell's Capacitive Co  Air            0%         ∞         100%        8


Dungeon Overview and Level Annotations

Branches:
Dungeon (9/15)             Temple (1/1) D:4            Lair (0/5) D:8
    Orc: D:9-12

Altars:
Ashenzari
Cheibriados
Dithmenos
Elyvilon
Fedhas
Gozag
Kikubaaqudgha
Makhleb
Nemelex Xobeh
Qazlal
Ru
Sif Muna
Trog
Uskayaw
Vehumet
Wu Jian
Xom
Yredelemnul
The Shining One

Shops:
D:4 [   D:6 (:(


Innate Abilities, Weirdness & Mutations

You have a pair of horns on your head.
You reflexively headbutt those who attack you in melee.


Message History

You slash the red ugly thing! You burn the red ugly thing.
You headbutt the red ugly thing.
The red ugly thing is moderately wounded.
The red ugly thing kicks you!
You are engulfed in flames!
You resist.
The red ugly thing kicks you but does no damage.
You hit the red ugly thing.
Your headbutt misses the red ugly thing.
The red ugly thing is heavily wounded.
The red ugly thing kicks you.
You are engulfed in flames!
You resist. The red ugly thing kicks you!
You are engulfed in flames!
You resist.
You are too injured to fight recklessly!
You are too injured to fight recklessly!
Really quaff the potion of lignification? [Y]es or [N]o only, please.
Really quaff the potion of lignification?
Okay, then.
Your shield is strengthened by the Shining One's divine power.
You block the red ugly thing's attack.
Okay, then.
You feel very mighty all of a sudden.
The red ugly thing completely misses you.
The red ugly thing kicks you.
You are engulfed in flames!
You resist.
* * * LOW HITPOINT WARNING * * *
You hit the red ugly thing.
The red ugly thing is heavily wounded.
The red ugly thing kicks you but does no damage.
You block the red ugly thing's attack.
You slash the red ugly thing! You burn the red ugly thing.
You headbutt the red ugly thing.
The red ugly thing is severely wounded.
The red ugly thing closely misses you.
You slice the red ugly thing!! You burn the red ugly thing.
You kill the red ugly thing!
You hear a shout! x2; You hear a bellow!
You block the two-headed ogre's attack. x2
You barely miss the two-headed ogre. You headbutt the two-headed ogre.
The two-headed ogre is lightly wounded.
You feel yourself speed up.
The two-headed ogre hits you with a +0 giant club!!
You die...

##+#.# .....# #....# #
.....# .. ## # ...# .##
.## #.##. .# .. ## ..#
#.#.. .+ ..#..## #.#
#.#.# .####.#.... #O#.#.#
.........# #@#.#
88888888.## ##.#
8888.888.##.#####.#######
.........##..............
....8....#####...###.####
....8....# ###..##.#
.........## ##.##.###
8888.888..# #......#
8888.888..#
####.#.#######.


You could see a two-headed ogre.

Vanquished Creatures
  An ugly thing (D:9)
  An elephant (D:8)
  Joseph (D:7)
  A freezing wraith (D:9)
  Prince Ribbit (D:7)
  A hornet (D:8)
  A basilisk (D:8)
  A yak (D:8)
  Menkaure (D:7)
  An acid dragon (D:9)
  Duvessa (D:7)
  2 water moccasins
  3 orc warriors
  2 ice beasts (D:8)
  2 sky beasts
  2 black bears
  3 centaurs
  A phantom (D:7)
  5 bullfrogs
  2 gnoll sergeants
  2 scorpions
  3 wights (D:7)
  Dowan (D:7)
  A crimson imp (D:3)
  4 orc priests
  4 hounds
  2 jellies
  5 gnoll boudas
  5 iguanas
  6 orc wizards
  39 gnolls
  14 adders
  2 shadow imps
  2 white imps
  An ufetubus (D:6)
  3 worms
  4 dart slugs
  35 orcs
  2 ball pythons
  3 bats
  9 endoplasms
  5 giant cockroaches
  5 goblins
  3 hobgoblins
  10 jackals
  4 quokkas
  6 frilled lizards
  3 kobolds
  7 rats
223 creatures vanquished.

Vanquished Creatures (others)
  24 plants
24 creatures vanquished.

Grand Total: 247 creatures vanquished

Notes
Turn   | Place    | Note
-------+----------+-------------------------------------------
     0 | D:1      | Chaicat the Minotaur Fighter began the quest for the Orb.
     0 | D:1      | Reached XP level 1. HP: 19/19 MP: 0/0
    67 | D:1      | Upgraded the game from 0.30-a0-626-gd6a5dd7a1f to
                  | 0.30-a0-629-gd54f4be4f7
   108 | D:1      | Reached XP level 2. HP: 27/27 MP: 1/1
   236 | D:1      | Reached XP level 3. HP: 27/33 MP: 2/2
   742 | D:2      | Reached XP level 4. HP: 40/40 MP: 3/3
  1156 | D:3      | Found a radiant altar of Vehumet.
  1156 | D:3      | Found a burning altar of Makhleb.
  1165 | D:3      | Reached XP level 5. HP: 47/47 MP: 4/4
  1257 | D:3      | HP: 2/47 [gnoll bouda/+0 whip (10)]
  1266 | D:3      | Reached skill level 5 in Armour
  1270 | D:3      | HP: 1/47 [gnoll/+0 whip[a gnoll bouda] (3)]
  1273 | D:3      | Reached skill level 5 in Fighting
  1273 | D:3      | Reached skill level 5 in Shields
  1276 | D:3      | HP: 1/48 [gnoll/staff of cold[a gnoll bouda] (3)]
  1278 | D:3      | Reached XP level 6. HP: 1/56 MP: 5/5
  2259 | D:4      | Got the Meditations on the Geologist
  2329 | D:4      | Found a staircase to the Ecumenical Temple.
  2519 | Temple   | Entered the Ecumenical Temple
  2696 | Temple   | Became a worshipper of the Shining One
  2823 | D:4      | Found a sparkling altar of Nemelex Xobeh.
  3215 | D:4      | Reached skill level 5 in Axes
  3215 | D:4      | Reached XP level 7. HP: 62/62 MP: 6/6
  3390 | D:4      | Found Jerhusir's Antique Armour Boutique.
  3395 | D:4      | Bought a runed chain mail for 180 gold pieces
  3543 | D:5      | Entered Level 5 of the Dungeon
  3676 | D:5      | Found a sacrificial altar of Ru.
  4504 | D:6      | Found Gul Koumaos's Book Emporium.
  4520 | D:6      | Reached * piety under the Shining One
  4535 | D:6      | Reached XP level 8. HP: 44/71 MP: 7/7
  4630 | D:6      | Found Hamp's Assorted Antiques.
  4667 | D:6      | Found Ohyonede's Weapon Emporium.
  4687 | D:6      | Identified the +4 ring mail of Loss {Rampage +Inv rF+}
  5002 | D:6      | Reached skill level 1 in Invocations
  5014 | D:6      | Reached skill level 1 in Evocations
  5161 | D:6      | Found Fuasump's Antique Weapon Emporium.
  5281 | D:6      | Identified the +1 scale mail of Classification {rPois rN+
                  | Int-3 Dex+2}
  5456 | D:7      | Noticed Duvessa
  5456 | D:7      | Noticed Dowan
  5464 | D:7      | Killed Duvessa
  5469 | D:7      | Killed Dowan
  5693 | D:7      | Noticed Prince Ribbit
  5703 | D:7      | Killed Prince Ribbit
  5704 | D:7      | Reached XP level 9. HP: 66/81 MP: 9/9
  5840 | D:7      | Noticed Menkaure
  5851 | D:7      | Killed Menkaure
  6132 | D:7      | Reached ** piety under the Shining One
  6188 | D:7      | Noticed Joseph
  6196 | D:7      | Killed Joseph
  6420 | D:7      | HP: 4/82 [orc warrior/+0 mace (7)]
  7387 | D:8      | Noticed an elephant
  7402 | D:8      | Reached XP level 10. HP: 83/91 MP: 11/11
  7406 | D:8      | Killed an elephant
  7424 | D:8      | Found a staircase to the Lair.
  8173 | D:9      | Found an opulent altar of Gozag.
  8174 | D:9      | Found a white marble altar of Elyvilon.
  8183 | D:9      | Reached skill level 10 in Fighting
  8463 | D:9      | Reached skill level 10 in Armour
  8464 | D:9      | Noticed a two-headed ogre
  8465 | D:9      | Noticed a red ugly thing
  8472 | D:9      | Killed a red ugly thing
  8473 | D:9      | Slain by a two-headed ogre

Illustrated notes

Levels and vault maps discovered:
D:1:      nagdon_arrival_double_spiral, layout_basic
D:2:      layout_rooms
D:3:      layout_basic, grunt_temple_overflow_lords_of_destruction,
          nicolae_grassy_gnolls
D:4:      nicolae_BIG_FREAKIN_CUBE, layout_basic, nemelex_dance_club_becter,
          serial_shops, nicolae_shop_stone, serial_bayou_lake_a
D:5:      minmay_angry_zag, layout_gridville, nicolae_ru_awakened_eye
D:6:      kennysheep_spiral_hall, layout_rooms, serial_shops, shop,
          nicolae_square_shop, nicolae_square_shop, shop_fountains, st_stairs_13
D:7:      layout_basic, dreamdust_princess_bridge, uniq_duvessa, uniq_joseph,
          uniq_menkaure, uniq_prince_ribbit1
D:8:      layout_loops_ring, david_lair_generic
D:9:      layout_basic, nicolae_overflow_hidden_temple,
          hellmonk_bongcloud_opening, minmay_the_grid_2x2
          [minmay_the_grid_pillar_ring, minmay_the_grid_minigrid_small_alt,
          minmay_the_grid_slots, minmay_the_grid_prize_four_corners_diamond_b]
Temple:   nicolae_temple_bog_church

Skill      XL: |  1  2  3  4  5  6  7  8  9 10 |
---------------+-------------------------------+-----
Fighting       | 4 5 6 8 9 10 | 10.3
Axes           | 3 4 5 6 7 9 |  9.8
Armour         | 4 5 6 8 9 10 | 10.2
Shields        | 4 5 6 |  6.8
Invocations    | 2 3 4 |  4.2
Evocations     | 2 3 |  3.7

Action                   |  1- 3 |  4- 6 |  7- 9 | 10-12 || total
-------------------------+-------+-------+-------+-------++-------
Melee: War axe           |    62 |   148 |   205 |       ||   415
       Headbutt          |     5 |    23 |    52 |    20 ||   100
       Broad axe         |       |       |    35 |    56 ||    91
Invok: Divine Shield     |       |       |       |     1 ||     1
  Use: Scroll            |     4 |     6 |    13 |       ||    23
       Potion            |       |     2 |     2 |     1 ||     5
Armor: Scale mail        |    25 |    27 |       |       ||    52
       Chain mail        |       |    33 |    44 |       ||    77
       Ring mail         |       |       |    63 |    17 ||    80
Dodge: Dodged            |    34 |    66 |   102 |    16 ||   218
Block: Buckler           |    23 |    46 |    67 |    17 ||   153

Table legend: (Time is in decaauts)
 A = Elapsed time spent in this place.
 B = Non-inter-level travel time spent in this place.
 C = Inter-level travel time spent in this place.
 D = Time resting spent in this place.
 E = Time spent auto-exploring this place.
 F = Levels seen in this place.
 G = Mean time per level.
                   A        B        C        D        E       F      G
               +--------+--------+--------+--------+--------+-----+--------+
         Total |   8690 |   8368 |    322 |   1060 |   5991 |  10 |  869.0 |
       Dungeon |   8485 |   8208 |    277 |   1060 |   5845 |   9 |  942.8 |
        Temple |    204 |    160 |     44 |      0 |    145 |   1 |  204.0 |
               +--------+--------+--------+--------+--------+-----+--------+

Top non-repeatable levels by time:
     D:7: 1625 daAuts
     D:4: 1190 daAuts
     D:3: 1174 daAuts
     D:8: 1035 daAuts
     D:6: 986 daAuts
     D:5: 957 daAuts
     D:1: 781 daAuts
     D:9: 388 daAuts
     D:2: 345 daAuts
  Temple: 204 daAuts
